 Dungeon Crawl Stone Soup version 0.28-a0-1429-gf3d713df7a (webtiles) character file.

Game seed: 10914850464425065986

3 Deminshera the Cutter (level 1, 0/15 HPs)
             Began as a Demonspawn Wanderer on Jan 8, 2022.
             Slain by a kobold (2 damage)
             ... on level 1 of the Dungeon.
             The game lasted 00:00:27 (47 turns).

Deminshera the Cutter (Demonspawn Wanderer)           Turns: 47, Time: 00:00:28

Health: 0/15       AC:  2    Str: 11    XL:     1   Next: 41%
Magic:  1/1        EV: 11    Int: 11    God:
Gold:   0          SH:  0    Dex: 15    Spells: 0/0 levels left

rFire   . . .      SeeInvis .   a - +3 short sword
rCold   . . .      Faith    .   (no shield)
rNeg    . . .      Spirit   .   c - +0 robe
rPois   .          Reflect  .   (no helmet)
rElec   .          Harm     .   (no cloak)
rCorr   .          Rampage  .   (no gloves)
Will    .....                   (no boots)
Stlth   +.........              (no amulet)
HPRegen 0.05/turn               (no ring)
MPRegen 0.07/turn               (no ring)

@: no status effects
A: no striking features
a: no special abilities


You were on level 1 of the Dungeon.
You visited 1 branch of the dungeon, and saw 1 of its levels.

Inventory:

Hand Weapons
 a - a +3 short sword (weapon)
Armour
 c - a +0 robe (worn)
Scrolls
 b - a scroll of brand weapon {unknown}
Potions
 d - a potion of attraction {unknown}


   Skills:
 + Level 1.2 Fighting
 + Level 4.5 Short Blades
 - Level 1.0 Maces & Flails
 - Level 2.6 Armour
 + Level 0.3 Stealth


You couldn't memorise any spells.
You didn't know any spells.
Your spell library was empty.

Dungeon Overview and Level Annotations

Branches:
Dungeon (1/15)

Altars:


Message History

A kobold comes into view. It is wielding a +0 whip.
There are monsters nearby!
You barely miss the goblin. The goblin misses you.
There are monsters nearby!
You barely miss the goblin.
A goblin comes into view. It is wielding a +0 club.
You hit the kobold.
The kobold is moderately wounded.
The goblin hits you with a +0 dagger. The kobold hits you with a +0 whip.
You puncture the kobold!
You kill the kobold!
The goblin closely misses you.
You hit the goblin.
The goblin is almost dead.
The goblin misses you.
You hit the goblin.
You kill the goblin!
The hobgoblin hits you.
You are too injured to fight recklessly!
You are too injured to fight recklessly!
You are too injured to fight recklessly!
You are too injured to fight recklessly!
You are too injured to fight recklessly!
You are too injured to fight recklessly!
You are too injured to fight recklessly!
You are too injured to fight recklessly!
You are too injured to fight recklessly!
You are too injured to fight recklessly!
You hit the hobgoblin.
The hobgoblin is almost dead.
The hobgoblin hits you.
* * * LOW HITPOINT WARNING * * *
You hit the hobgoblin but do no damage.
The hobgoblin is almost dead.
You hit the hobgoblin.
You kill the hobgoblin!
The kobold hits you but does no damage.
There is an open door here.
You barely miss the kobold. The kobold hits you with a +0 whip.
You die...

(######..)...+
.........)...+
######.####.+
..######.#
.........#
..######.##
#.g# ##K###+##
#.@.#...#..
#...#≈.≈#.§§#
#...#≈.≈#.§≈#
#...#≈.≈#≈§§#
#...#≈.≈#§≈.#
#...#≈.≈#≈..#
#...#...#...#
#...........#
#.......)...#


You could see a goblin and a kobold.

Vanquished Creatures
  A goblin (D:1)
  A hobgoblin (D:1)
  A kobold (D:1)
3 creatures vanquished.

Notes
Turn   | Place    | Note
-------+----------+-------------------------------------------
     0 | D:1      | Deminshera the Demonspawn Wanderer began the quest for the
                  | Orb.
     0 | D:1      | Deminshera set off with the following items: a +3 short
                  | sword, a +0 mace, a +0 robe
     0 | D:1      | Reached XP level 1. HP: 15/15 MP: 1/1
    47 | D:1      | Slain by a kobold

Illustrated notes

Levels and vault maps discovered:
D:1:      lightli_arrival_quake, layout_basic,
          hellmonk_ecumenical_altar_heavens_door, minmay_tripent

Action                   || total
-------------------------++-------
Melee: Short sword       ||    10
Armor: Robe              ||     1
Dodge: Dodged            ||     3

Table legend: (Time is in decaauts)
 A = Elapsed time spent in this place.
 B = Non-inter-level travel time spent in this place.
 C = Inter-level travel time spent in this place.
 D = Time resting spent in this place.
 E = Time spent auto-exploring this place.
 F = Levels seen in this place.
 G = Mean time per level.
                   A        B        C        D        E       F      G
               +--------+--------+--------+--------+--------+-----+--------+
         Total |     45 |     45 |      0 |      0 |     22 |   1 |   45.0 |
       Dungeon |     45 |     45 |      0 |      0 |     22 |   1 |   45.0 |
               +--------+--------+--------+--------+--------+-----+--------+

Top non-repeatable levels by time:
     D:1: 45 daAuts
